Map: Port Aleksander LE

Players

Maru

  • Race: Terran Terran
  • Spawn Location: 5:00

Leenock - Winner!

  • Race: Zerg Zerg
  • Spawn Location: 11:00

Event: IEM Season 13: Katowice (2019)

VOD

Have the link to the VOD?

Description

Time

  • Played on: Feb. 28, 2019, 11:25 a.m.
  • Length: 9:00

All games in this series

Show
View Real Time Build Order
Export as new Build Order

Maru Terran 

Build Orders:  

Get SALT Encoding   

  12  0:00  SCV  
  13  0:12  SCV  
  14  0:18  Supply Depot  
  14  0:24  SCV  
  15  0:41  Barracks  
  15  0:42  SCV  
  16  0:56  Barracks  
  16  0:59  SCV  
  17  1:11  Barracks  
  17  1:15  SCV  
  18  1:27  Marine  
  18  1:29  Orbital Command  
  19  1:40  Bunker  
  19  1:43  Marine  
  19  1:45  Marine  
  21  1:51  Supply Depot  
  21  1:57  SCV  
  21  1:59  Refinery  
  22  2:01  Marine  
  23  2:09  Bunker  
  23  2:12  SCV, Marine  
  25  2:19  Marine  
  26  2:25  SCV  
  26  2:28  Bunker  
  27  2:32  Supply Depot  
  27  2:33  Marine  
  27  2:37  SCV, Marine  
  30  2:49  SCV  
  31  2:57  Marine  
  33  3:01  Factory  
  33  3:03  SCV  
  33  3:20  Command Center  
  33  3:21  SCV  
  34  3:30  Refinery  
  34  3:31  Bunker  
  33  3:36  SCV  
  34  3:48  SCV  
  34  3:49  Factory Tech Lab  
  34  3:53  Supply Depot  
  34  4:03  Starport  
  34  4:04  SCV  
  34  4:09  Cyclone  
  38  4:16  SCV  
  39  4:28  SCV  
  39  4:31  Barracks Reactor  
  40  4:32  Orbital Command  
  40  4:40  SCV  
  40  4:41  Medivac  
  43  4:52  Command Center, SCV  
  44  5:00  SCV  
  44  5:04  SCV  
  46  5:08  Marine x2  
  46  5:09  Factory Tech Lab  
  46  5:10  Supply Depot  
  46  5:12  SCV  
  49  5:15  Barracks  
  49  5:16  SCV  
  50  5:22  Marine  
  50  5:24  SCV  
  57  5:28  SCV  
  57  5:31  Bunker  
  57  5:35  Bunker  
  54  5:36  SCV  
  54  5:38  Bunker  
  54  5:48  Refinery, SCV  
  55  5:50  Refinery  
  52  5:57  Factory Tech Lab  
  52  6:00  SCV  
  52  6:01  Orbital Command  
  56  6:07  Barracks, Supply Depot  
  56  6:08  Supply Depot  
  54  6:24  Starport Tech Lab  
  51  6:29  SCV  
  51  6:30  Siege Tank  
  55  6:34  SCV  
  56  6:41  SCV  
  56  6:46  SCV  
  55  6:53  SCV  
  50  6:58  SCV  
  47  7:02  Bunker  
  47  7:03  Bunker  
  47  7:10  SCV  
  47  7:12  Marine  
  47  7:15  Bunker  
  45  7:23  SCV  
  45  7:26  Orbital Command  
  45  7:29  Marine  
  45  7:30  Factory Tech Lab  
  45  7:35  SCV  
  39  7:39  Refinery  
  42  7:45  Orbital Command  
  42  7:47  SCV  
  46  8:01  Marine  
  46  8:02  Supply Depot  
  46  8:03  Supply Depot  
  46  8:04  Bunker  
  46  8:06  SCV  
  47  8:14  Starport Tech Lab  
  47  8:18  SCV, Marine  
  44  8:30  SCV  
  44  8:31  Orbital Command  
  24  8:42  SCV  
Show
View Real Time Build Order
Export as new Build Order

Leenock Zerg - Winner!

Build Orders: Hatch First, Ravager All-In, Roach Nydus 

Get SALT Encoding   

  12  0:00  Drone  
  13  0:12  Overlord  
  13  0:18  Drone  
  14  0:32  Drone x2  
  16  0:37  Drone  
  17  0:52  Hatchery  
  17  0:56  Drone  
  17  0:59  Drone  
  18  1:05  Extractor  
  17  1:15  Spawning Pool  
  17  1:18  Drone  
  17  1:21  Drone  
  18  1:29  Drone  
  19  1:39  Overlord  
  19  1:51  Drone  
  20  2:02  Queen, Roach Warren  
  20  2:03  Zergling x2  
  20  2:04  Extractor  
  20  2:07  Zergling x2  
  22  2:16  Zergling x2  
  23  2:28  Overlord  
  23  2:42  Roach  
  23  2:43  Roach x3  
  31  2:46  Roach  
  33  3:03  Ravager x2  
  35  3:06  Ravager  
  35  3:12  Overlord  
  36  3:26  Lair  
  35  3:41  Ravager  
  36  3:49  Hatchery  
  36  3:55  Drone x2  
  37  4:11  Roach  
  37  4:13  Ravager  
  42  4:25  Nydus Network  
  42  4:28  Queen  
  42  4:33  Overseer  
  42  4:34  Overlord  
  42  4:44  Roach  
  42  4:45  Overlord  
  44  4:58  Overlord  
  44  5:05  Roach  
  46  5:07  Roach  
  46  5:10  Roach  
  46  5:12  Nydus Canal  
  50  5:21  Roach  
  52  5:45  Ravager x2  
  52  5:47  Roach x2  
  58  5:54  Overlord  
  57  5:59  Ravager  
  58  6:12  Hatchery  
  56  6:20  Ravager  
  57  6:35  Metabolic Boost  
  57  6:46  Roach  
  57  6:47  Roach x2  
  57  6:57  Roach  
  59  7:06  Queen  
  61  7:21  Drone x2  
  58  7:38  Ravager x2  
  58  7:39  Ravager  
  61  7:44  Nydus Canal  
  61  7:50  Drone x2  
  63  7:57  Drone x3  
  66  7:58  Queen  
  68  8:08  Ravager x2  
  70  8:16  Drone x4  

Tags
 
Add a new tag
Caveats
  • Supply blocks, unpowered buildings, or Contaminate may cause inaccurate times.
  • Supply counts are checked every 10 seconds.